 Dungeon Crawl Stone Soup version 0.28-a0-1147-gc7b72d3202 (webtiles) character file.

Game seed: 3180536406893294434

92 GenialerGandalf the Chopper (level 4, 0/40 HPs)
             Began as a Hill Orc Fighter on Dec 14, 2021.
             Slain by a gnoll (6 damage)
             ... on level 3 of the Dungeon.
             The game lasted 00:05:09 (1744 turns).

GenialerGandalf the Chopper (Hill Orc Fighter)      Turns: 1744, Time: 00:05:09

Health: 0/40       AC:  9    Str: 20    XL:     4   Next: 60%
Magic:  4/4        EV:  5    Int:  8    God:
Gold:   86         SH:  8    Dex: 10    Spells: 3/3 levels left

rFire   . . .      SeeInvis .   a - +0 war axe
rCold   . . .      Faith    .   g - +0 kite shield
rNeg    . . .      Spirit   .   h - +0 chain mail
rPois   .          Reflect  .   (no helmet)
rElec   .          Harm     .   (no cloak)
rCorr   .          Rampage  .   (no gloves)
Will    .....                   (no boots)
Stlth   ..........              (no amulet)
HPRegen 0.13/turn               f - +4 ring of slaying
MPRegen 0.09/turn               (no ring)

@: no status effects
A: no striking features
a: no special abilities


You were on level 3 of the Dungeon.
You visited 1 branch of the dungeon, and saw 3 of its levels.

You collected 86 gold pieces.

Inventory:

Hand Weapons
 a - a +0 war axe (weapon)
Armour
 b - a +0 scale mail
 c - a +0 buckler
 g - a +0 kite shield (worn)
 h - a +0 chain mail (worn)
Jewellery
 f - a +4 ring of slaying (left hand)
Scrolls
 e - a scroll of teleportation {unknown}
 j - a scroll of vulnerability {unknown}
 k - a scroll of identify {unknown}
Potions
 d - 2 potions of might
 i - a potion of haste {unknown}


   Skills:
 + Level 4.1 Fighting
 + Level 4.4 Axes
 + Level 3.9 Armour
 + Level 4.0 Shields


You had 3 spell levels left.
You didn't know any spells.
Your spell library contained the following spells:

 Spells                   Type           Power      Damage    Failure   Level
 Shock                    Conj/Air       0%         1d3       100%        1
 Swiftness                Air            0%         N/A       100%        3
 Airstrike                Air            0%         N/A       100%        4


Dungeon Overview and Level Annotations

Branches:
Dungeon (3/15)

Altars:
Wu Jian

Shops:
D:1 *=*:*


Message History

The gnoll barely misses you.
You hit the gnoll but do no damage. You barely miss the gnoll.
You block the gnoll's attack. x3
You slash the gnoll!
The gnoll is severely wounded.
You hit the gnoll but do no damage. The gnoll hits you with a +0 flail.
The gnoll hits you with a +0 club. The gnoll barely misses you.
You closely miss the gnoll.
The gnoll is severely wounded.
You slash the gnoll! You closely miss the gnoll. You block the gnoll's attack.
The gnoll hits you with a +0 whip. The gnoll hits you with a +0 flail.
You block the gnoll's attack.
You hit the gnoll.
You kill the gnoll!
You barely miss the gnoll. You hit the gnoll but do no damage.
The gnoll hits you with a +0 whip. The gnoll hits you with a +0 club.
The gnoll hits you with a +0 whip. The gnoll hits you with a +0 club.
The gnoll hits you but does no damage.
You see here a +0 flail.
The gnoll hits you with a +0 whip!
* * * LOW HITPOINT WARNING * * *
The gnoll hits you with a +0 club.
* * * LOW HITPOINT WARNING * * *
The gnoll barely misses you.
You slash the gnoll!
You kill the gnoll!
Your shield prevents you from hitting the gnoll.
You block the gnoll's attack. x2
Your Shields skill increases to level 4!
The gnoll hits you but does no damage.
Things that are here:
a +0 whip; a +0 scale mail You hit the gnoll but do no damage.
You block the gnoll's attack.
You closely miss the gnoll. You block the gnoll's attack.
The gnoll hits you but does no damage.
You barely miss the gnoll. The gnoll hits you with a +0 club.
* * * LOW HITPOINT WARNING * * *
You hit the gnoll but do no damage. The gnoll barely misses you.
The gnoll hits you with a +0 club.
You die...

#.... ####### #....
#...#.8 ##....### #.8†...
#.......## #...#..
#........# ##.###.
#........# #...#..
#........# #._.#8.
#........##.....#...#..
#.....@g.##.....#######
#........##.........#
#........##.........#
#........##.........#
#........##.........#
###########.##.........#
#......................###
#............#............
#............######....###


You could see a gnoll.

Vanquished Creatures
  An adder (D:3)
  2 gnolls (D:3)
  A worm (D:2)
  A dart slug (D:3)
  2 orcs (D:3)
  5 ball pythons (D:1)
  9 bats
  4 endoplasms
  3 giant cockroaches
  6 goblins
  4 hobgoblins
  6 kobolds
  4 quokkas
  2 frilled lizards (D:1)
  2 rats (D:1)
52 creatures vanquished.

Vanquished Creatures (others)
  7 plants (D:1)
7 creatures vanquished.

Grand Total: 59 creatures vanquished

Notes
Turn   | Place    | Note
-------+----------+-------------------------------------------
     0 | D:1      | GenialerGandalf the Hill Orc Fighter began the quest for
                  | the Orb.
     0 | D:1      | Reached XP level 1. HP: 19/19 MP: 1/1
    54 | D:1      | Found a faded altar of an unknown god.
   233 | D:1      | Reached XP level 2. HP: 27/27 MP: 2/2
   264 | D:1      | Found Cevuonn's Assorted Antiques.
   417 | D:1      | Found Rooss's Assorted Antiques.
   531 | D:1      | Found Ymyamoed's Book Shop.
   548 | D:1      | Found Zayppaza's General Store.
   566 | D:1      | Found Noik's Jewellery Emporium.
   592 | D:1      | Reached XP level 3. HP: 33/33 MP: 3/3
  1516 | D:3      | Reached XP level 4. HP: 39/40 MP: 4/4
  1549 | D:3      | Found an ornate altar of the Wu Jian Council.
  1744 | D:3      | Slain by a gnoll

Illustrated notes

Levels and vault maps discovered:
D:1:      psy_arrival_basics, layout_loops_ring, basic_ecumenical_altar,
          serial_shops, shop, nicolae_shop_crystal,
          nicolae_shop_overgrown_old_shop, shop, nicolae_shop_crystal,
          minmay_hexomino_c4
D:2:      minmay_alternating_diamond, layout_rooms
D:3:      layout_basic, nicolae_wu_jian_immortal_techniques

Skill      XL: |  1  2  3  4 |
---------------+-------------+-----
Axes           | 3 4 |  4.4
Fighting       | 4 |  4.1
Shields        | 4 |  4.0
Armour         | |  3.9

Action                   |  1- 3 |  4- 6 || total
-------------------------+-------+-------++-------
Melee: War axe           |   107 |    30 ||   137
Armor: Scale mail        |    13 |       ||    13
       Chain mail        |    60 |    19 ||    79
Dodge: Dodged            |    30 |     8 ||    38
Block: Buckler           |     8 |       ||     8
       Kite shield       |    62 |    30 ||    92

Table legend: (Time is in decaauts)
 A = Elapsed time spent in this place.
 B = Non-inter-level travel time spent in this place.
 C = Inter-level travel time spent in this place.
 D = Time resting spent in this place.
 E = Time spent auto-exploring this place.
 F = Levels seen in this place.
 G = Mean time per level.
                   A        B        C        D        E       F      G
               +--------+--------+--------+--------+--------+-----+--------+
         Total |   1814 |   1747 |     67 |    115 |    801 |   3 |  604.7 |
       Dungeon |   1814 |   1747 |     67 |    115 |    801 |   3 |  604.7 |
               +--------+--------+--------+--------+--------+-----+--------+

Top non-repeatable levels by time:
     D:1: 1095 daAuts
     D:3: 423 daAuts
     D:2: 295 daAuts
